 Dungeon Crawl Stone Soup version 0.29.1-15-g9cfb28693d (webtiles) character file.

Game seed: 2775390322374087122

196 Sanktem7 the Trooper (level 5, -2/48 HPs)
             Began as a Minotaur Fighter on Mar 9, 2023.
             Slain by a bullfrog (3 damage)
             ... in a sewer.
             The game lasted 00:06:04 (2677 turns).

Sanktem7 the Trooper (Minotaur Fighter)             Turns: 2677, Time: 00:06:05

Health: -2/48      AC:  7    Str: 23    XL:     5   Next: 45%
Magic:  4/4        EV:  6    Int:  5    God:
Gold:   56         SH:  4    Dex:  9    Spells: 4/4 levels left

rFire   . . .      SeeInvis .   a - +0 war axe {axe}
rCold   . . .      Faith    .   c - +0 buckler
rNeg    + . .      Spirit   .   b - +0 scale mail
rPois   .          Reflect  .   (helmet restricted)
rElec   .          Harm     .   (no cloak)
rCorr   .          Rampage  .   (no gloves)
Will    .....                   (no boots)
Stlth   ..........              (no amulet)
HPRegen 0.16/turn               s - ring of positive energy
MPRegen 0.09/turn               (no ring)

@: constricted, very slow
A: horns 2, retaliatory headbutt
a: no special abilities


You were in a sewer.
You visited 1 branch of the dungeon, and saw 3 of its levels.
You also visited: Sewer.

You collected 56 gold pieces.


Innate Abilities, Weirdness & Mutations

You have a pair of horns on your head.
You reflexively headbutt those who attack you in melee.


   Skills:
 * Level 5.1 Fighting
 * Level 4.4 Axes
 + Level 1.7 Throwing
 + Level 4.6 Armour
 - Level 3.6 Shields


You had 4 spell levels left.
You didn't know any spells.
Your spell library was empty.

Inventory:

Hand Weapons
 a - a +0 war axe (weapon) {axe}
 r - a +1 dagger of venom {short}
   (You found it on level 2 of the Dungeon)
Missiles
 g - 25 stones (quivered) {throwing}
Armour
 b - a +0 scale mail (worn)
 c - a +0 buckler (worn)
Jewellery
 s - a ring of positive energy (left hand)
   (You took it off a kobold on level 2 of the Dungeon)
Wands
 q - a wand of quicksilver (8)
   (You found it on level 2 of the Dungeon)
Scrolls
 e - a scroll of immolation {unknown}
 h - 7 scrolls of identify {unknown}
 i - a scroll of enchant weapon {unknown}
 k - a scroll of teleportation {unknown}
 p - a scroll of poison {unknown}
 v - a scroll of amnesia {unknown}
 w - a scroll of fog {unknown}
 x - a scroll of brand weapon {unknown}
Potions
 d - a potion of might
 f - a potion of haste {unknown}
 j - 3 potions of mutation {unknown}
 l - 3 potions of heal wounds {unknown}
 m - 3 potions of curing {unknown}
 n - 2 potions of magic {unknown}
 o - a potion of degeneration {unknown}
 t - a potion of cancellation {unknown}
 u - a potion of ambrosia {unknown}

Dungeon Overview and Level Annotations

Branches:
Dungeon (3/15) Zot: 15692   Sewer (1/1) Zot: 5528

Altars:

Shops:
D:1

[
#≈≈≈~~≈#
#~~††~≈
#≈≈~~≈≈#
#~~~≈≈≈
#≈≈~~~≈#
#~~≈≈≈≈
#~#~≈≈≈#
##~~~~#
#~~≈~≈≈#
#≈~).~~
#~.~≈≈≈#
#≈~~~~≈
#≈.~≈≈≈#
#≈≈≈≈~~
#≈~≈~≈≈#
#≈≈~~~~
#~S@F≈≈#
#≈~≈~~≈
#≈S~F~≈#
#≈~~≈≈≈
#≈~≈~≈≈#
#≈~≈~≈≈
#≈≈~~≈≈#
#≈~≈≈≈≈
#~~~≈≈≈#
#~~~≈~≈
##~~~~##
##~~~~.
......
#......
......#
##.....
#.....


You could see 2 bullfrogs and 2 ball pythons.


Message History

You are too injured to fight recklessly!
You are too injured to fight recklessly!
Unknown command.
You hit the bullfrog. Your headbutt misses the bullfrog. You miss the adder.
You closely miss the ball python. You hit the bullfrog.
You hit the ball python. You barely miss the ball python. x3
The bullfrog hits you. You block the adder's attack.
The bullfrog barely misses you.
The ball python bites you but does no damage.
You block the ball python's attack.
The ball python bites you but does no damage.
The ball python constricts you. You block the ball python's attack.
The ball python bites you but does no damage.
The bullfrog hits you. The adder bites you but does no damage.
The bullfrog barely misses you.
The ball python bites you but does no damage.
The ball python bites you.
The ball python bites you but does no damage.
The ball python constricts you.
The ball python bites you but does no damage. x2 😮 HP[-7]
You take 7 damage, and now have 29/48 hp.
Your unstable footing causes you to fumble your attack.
The bullfrog hits you but does no damage.
The bullfrog hits you. The adder bites you but does no damage.
The ball python bites you but does no damage. x2
The bullfrog hits you.
* * * LOW HITPOINT WARNING * * *
You block the ball python's attack. The ball python constricts you.
You block the ball python's attack. The bullfrog hits you.
* * * LOW HITPOINT WARNING * * *
The ball python closely misses you. The adder bites you.
* * * LOW HITPOINT WARNING * * *
The ball python bites you.
* * * LOW HITPOINT WARNING * * *
The ball python bites you but does no damage. 😨 HP[-13]
You take 13 damage, and now have 16/48 hp.
MASSIVE DAMAGE!! (PAUSE)
You barely miss the ball python. You closely miss the adder.
You barely miss the ball python. You hit the bullfrog. x2
You barely miss the ball python. You hit the ball python.
You kill the ball python!
You hit the ball python.
The bullfrog hits you but does no damage.
You block the bullfrog's attack. You block the ball python's attack.
The ball python barely misses you. x2; You furiously retaliate!
You headbutt the ball python!
You kill the ball python!
You block the adder's attack.
The ball python bites you but does no damage.
The ball python grabs you. The ball python constricts you.
The bullfrog hits you but does no damage.
The ball python barely misses you.
The ball python bites you but does no damage.
The bullfrog hits you.
* * * LOW HITPOINT WARNING * * *
The ball python bites you but does no damage.
The adder bites you but does no damage.
The bullfrog hits you but does no damage.
The ball python bites you.
* * * LOW HITPOINT WARNING * * *
The ball python constricts you.
* * * LOW HITPOINT WARNING * * *
😱 HP[-5]
You take 5 damage, and now have 11/48 hp.
Unknown command.
Your unstable footing causes you to fumble your attack.
The bullfrog hits you but does no damage.
The ball python bites you but does no damage.
The ball python bites you.
* * * LOW HITPOINT WARNING * * *
The adder barely misses you. You furiously retaliate!
You headbutt the adder!
You kill the adder!
The bullfrog hits you but does no damage.
You block the ball python's attack. You block the bullfrog's attack.
The ball python bites you.
* * * LOW HITPOINT WARNING * * *
The ball python constricts you.
The ball python bites you but does no damage.
The ball python bites you.
* * * LOW HITPOINT WARNING * * *
The bullfrog hits you but does no damage.
The ball python bites you but does no damage. 😱 HP[-5]
You take 5 damage, and now have 6/48 hp.
You closely miss the ball python. Your headbutt misses the ball python.
You closely miss the ball python. You hit the ball python.
You kill the ball python!
You closely miss the bullfrog. You barely miss the bullfrog.
You hit the ball python.
You kill the ball python!
The bullfrog hits you.
* * * LOW HITPOINT WARNING * * *
The ball python bites you but does no damage.
The ball python constricts you.
The bullfrog hits you but does no damage.
The bullfrog hits you.
You die...

Skill      XL: |  1  2  3  4  5 |
---------------+----------------+-----
Fighting       | 4 5 |  5.1
Axes           | 3 4 |  4.4
Armour         | 4 |  4.6
Throwing       | 1 |  1.7
Shields        | |  3.6

Action                   |  1- 3 |  4- 6 || total
-------------------------+-------+-------++-------
Melee: War axe           |    80 |    96 ||   176
       Headbutt          |    10 |    10 ||    20
Armor: Scale mail        |    39 |   100 ||   139
Dodge: Dodged            |    40 |    61 ||   101
Block: Buckler           |    20 |    37 ||    57

Levels and vault maps discovered:
D:1:      heliophobic_arrival_glass_houses, layout_loops_ring, serial_shops,
          shop
D:2:      layout_rooms, minmay_shallow_snake_nest
D:3:      layout_loops_ring, portal_sewer_entry_d
Sewer:    sewer_minmay_w

Notes
Turn   | Place    | Note
-------+----------+-------------------------------------------
     0 | D:1      | Sanktem7 the Minotaur Fighter began the quest for the Orb.
     0 | D:1      | Reached XP level 1. HP: 19/19 MP: 0/0
     0 | D:1      | magus.rc [v1.9.6]
    39 | D:1      | Reached XP level 2. HP: 26/27 MP: 1/1
   140 | D:1      | Reached skill level 4 in Fighting
   233 | D:1      | Found Pyllet's Antique Armour Boutique.
   243 | D:1      | Reached skill level 3 in Axes
   404 | D:1      | Reached XP level 3. HP: 33/33 MP: 2/2
   859 | D:1      | Reached skill level 4 in Armour
  1163 | D:2      | Reached skill level 1 in Throwing
  1513 | D:2      | Reached XP level 4. HP: 41/41 MP: 3/3
  1918 | D:3      | Reached skill level 4 in Axes
  2253 | D:3      | Found a glowing drain.
  2264 | Sewer    | Entered a sewer
  2330 | Sewer    | Reached XP level 5. HP: 46/47 MP: 4/4
  2335 | Sewer    | Reached skill level 5 in Fighting
  2675 | Sewer    | HP: 12/48 [ball python (3)]
  2677 | Sewer    | HP: 1/48 [bullfrog (6)]
  2677 | Sewer    | Slain by a bullfrog

Vanquished Creatures
  7 adders
  A river rat (Sewer)
  A white imp (D:3)
  A worm (D:2)
  2 dart slugs
  An orc (D:3)
  A bat (D:1)
  5 endoplasms
  A giant cockroach (D:1)
  6 hobgoblins
  11 jackals
  A quokka (D:1)
  31 ball pythons
  4 frilled lizards
  6 goblins
  7 kobolds
  29 rats
115 creatures vanquished.

Table legend:
 A = Non-vault XP
 B = Vault XP
 C = Vault XP percentage of total XP
 D = Non-vault monster count
 E = Vault monster count
 F = Vault count percentage of total count
                 A         B        C        D         E       F
            +---------+---------+-------+---------+---------+-------
      Total |     144 |     140 |  49.3 |      61 |      54 |  47.0
            +---------+---------+-------+---------+---------+-------
        D:1 |      55 |       0 |   0.0 |      32 |       0 |   0.0
        D:2 |      70 |      23 |  24.7 |      24 |       8 |  25.0
        D:3 |      19 |      13 |  40.6 |       5 |       1 |  16.7
      Sewer |       0 |     104 | 100.0 |       0 |      45 | 100.0
            +---------+---------+-------+---------+---------+-------

Illustrated notes

Table legend:
 A = Kills in this place as a percentage of kills in entire the game.
 B = Kills by you in this place as a percentage of kills by you in the entire game.
 C = Kills by friends in this place as a percentage of kills by friends in the entire game.
 D = Other kills in this place as a percentage of other kills in the entire game.
 E = Experience gained in this place as a percentage of experience gained in the entire game.
 F = Experience gained in this place divided by the number of levels of this place that you have seen.
                   A       B       C       D       E      F
               +-------+-------+-------+-------+-------+----------------------
         Total | 100.0 | 100.0 |   N/A |   N/A | 100.0 |  71.0
       Dungeon |  60.9 |  60.9 |   N/A |   N/A |  63.4 |  60.0
         Sewer |  39.1 |  39.1 |   N/A |   N/A |  36.6 | 104.0
               +-------+-------+-------+-------+-------+----------------------

Table legend: (Time is in decaauts)
 A = Elapsed time spent in this place.
 B = Non-inter-level travel time spent in this place.
 C = Inter-level travel time spent in this place.
 D = Time resting spent in this place.
 E = Time spent auto-exploring this place.
 F = Levels seen in this place.
 G = Mean time per level.
                   A        B        C        D        E       F      G
               +--------+--------+--------+--------+--------+-----+--------+
         Total |   2777 |   2716 |     61 |      0 |   1924 |   4 |  694.2 |
       Dungeon |   2307 |   2246 |     61 |      0 |   1613 |   3 |  769.0 |
         Sewer |    470 |    470 |      0 |      0 |    311 |   1 |  470.0 |
               +--------+--------+--------+--------+--------+-----+--------+

Top non-repeatable levels by time:
     D:1: 1179 daAuts
     D:2: 771 daAuts
   Sewer: 470 daAuts
     D:3: 357 daAuts
